 Dungeon Crawl Stone Soup version 0.29-a0-322-g68df515428 (webtiles) character file.

Game seed: 15987622408344742744

17 ImHallYall the Insei (level 2, 0/23 HPs)
             Began as a Demigod Transmuter on Apr 6, 2022.
             Slain by a quokka (2 damage)
             ... on level 1 of the Dungeon.
             The game lasted 00:03:03 (1042 turns).

ImHallYall the Insei (Demigod Transmuter)           Turns: 1042, Time: 00:03:04

Health: 0/23       AC:  2    Str: 11    XL:     2   Next: 30%
Magic:  7/7        EV: 12    Int: 15    God:
Gold:   101        SH:  0    Dex: 14    Spells: 4/5 levels left

rFire   . . .      SeeInvis .   c - +0 falchion
rCold   . . .      Faith    .   (no shield)
rNeg    . . .      Spirit   .   a - +0 robe
rPois   .          Reflect  .   (no helmet)
rElec   .          Harm     .   (no cloak)
rCorr   .          Rampage  .   (no gloves)
Will    +....                   (no boots)
Stlth   +.........              (no amulet)
HPRegen 0.07/turn               h - ring of willpower
MPRegen 0.10/turn               (no ring)

@: no status effects
A: high MP 1, forlorn, divine attributes
a: no special abilities


You were on level 1 of the Dungeon.
You visited 1 branch of the dungeon, and saw 1 of its levels.

You collected 101 gold pieces.

Inventory:

Hand Weapons
 c - a +0 falchion (weapon)
Missiles
 e - 17 stones
Armour
 a - a +0 robe (worn)
Jewellery
 h - a ring of willpower (left hand)
Scrolls
 d - a scroll of summoning {unknown}
 f - a scroll of enchant armour {unknown}
 i - a scroll of blinking {unknown}
Potions
 b - a potion of lignification
 g - a potion of berserk rage {unknown}


   Skills:
 + Level 1.1 Fighting
 + Level 0.3 Long Blades
 + Level 2.0 Dodging
 + Level 2.8 Unarmed Combat
 + Level 2.0 Spellcasting
 + Level 1.8 Transmutations


You had 4 spell levels left.
You knew the following spells:

 Your Spells              Type           Power      Damage    Failure   Level
a - Beastly Appendage     Tmut           14%        N/A       11%         1

Your spell library contained the following spells:

 Spells                   Type           Power      Damage    Failure   Level
 Wereblood                Tmut           7%         N/A       16%         2
 Spider Form              Tmut/Pois      4%         N/A       41%         3
 Ice Form                 Ice/Tmut       4%         N/A       83%         4
 Borgnjor's Revivificati  Necr           0%         N/A       100%        8
 Necromutation            Tmut/Necr      2%         N/A       100%        8
 Death's Door             Necr           0%         N/A       100%        9


Dungeon Overview and Level Annotations

Branches:
Dungeon (1/15)


Innate Abilities, Weirdness & Mutations

You have an increased reservoir of magic. (+10% MP)
You shall have no god before yourself.
Your divine heritage dramatically boosts your attributes as you level up.


Message History

Your headbutt misses the kobold. The kobold hits you but does no damage.
The kobold hits you with a +0 dagger.
You hit the kobold.
You kill the kobold!
Your transformation is almost over.
Things that are here:
a +0 dagger; a kobold corpse A hobgoblin and a dart slug come into view.
The dart slug launches a dart at you. The slug dart misses you.
A quokka comes into view.
There is an open door here.
The dart slug launches a dart at you. The slug dart hits you.
Your horns disappear.
Your talons disappear.
The quokka bites you. The quokka closely misses you.
The hobgoblin shouts!
The quokka attacks as you move away! The quokka misses you.
The quokka barely misses you. The dart slug launches a dart at you.
The slug dart hits you.
You hit the dart slug.
The dart slug is moderately wounded.
The quokka closely misses you. The quokka misses you.
The dart slug closely misses you.
You slash the dart slug!
You kill the dart slug!
The quokka closely misses you.
Your Fighting skill increases to level 1!
The quokka bites you.
You see here a dart slug corpse.
You closely miss the quokka. The hobgoblin completely misses you.
The quokka closely misses you.
The hobgoblin hits you but does no damage.
You closely miss the quokka. The quokka bites you.
* * * LOW HITPOINT WARNING * * *
The hobgoblin hits you.
* * * LOW HITPOINT WARNING * * *
The quokka bites you.
You die...

..#.#.#.......#.#.#.........#
...........)..#.#. .........#
..#.#....#.##.#.# #.........#
#.............# #......####
###....รท.#.###'##.##+##.##
.......).#.#......# #.#
####...###.#....### +...
..#rg..# #... ###@##..# #...
#.# #.# #... #.. ... #...
#### #.## #### .. ...


You could see a quokka and a hobgoblin.

Vanquished Creatures
  A dart slug (D:1)
  2 endoplasms (D:1)
  2 giant cockroaches (D:1)
  A quokka (D:1)
  A bat (D:1)
  2 frilled lizards (D:1)
  4 kobolds (D:1)
  3 rats (D:1)
  A toadstool (D:1)
17 creatures vanquished.

Vanquished Creatures (others)
  3 fungi (D:1)
  4 toadstools (D:1)
7 creatures vanquished.

Grand Total: 24 creatures vanquished

Notes
Turn   | Place    | Note
-------+----------+-------------------------------------------
     0 | D:1      | ImHallYall the Demigod Transmuter began the quest for the
                  | Orb.
     0 | D:1      | Reached XP level 1. HP: 15/15 MP: 5/5
   488 | D:1      | Reached XP level 2. HP: 11/22 MP: 5/7
  1040 | D:1      | Reached skill level 1 in Fighting
  1042 | D:1      | Slain by a quokka

Illustrated notes

Levels and vault maps discovered:
D:1:      wheals_arrival_linesprint, layout_basic, minmay_gold_behind_fungi

Skill      XL: |  1  2 |
---------------+-------+-----
Dodging        | 2 |  2.0
Spellcasting   | 2 |  2.0
Fighting       | 1 |  1.1
Long Blades    | |  0.3
Unarmed Combat | |  2.8
Transmutations | |  1.8

Action                   || total
-------------------------++-------
Melee: Falchion          ||    63
       Punch             ||     2
 Cast: Beastly Appendage ||     6
Armor: Robe              ||    19
Dodge: Dodged            ||    67

Table legend: (Time is in decaauts)
 A = Elapsed time spent in this place.
 B = Non-inter-level travel time spent in this place.
 C = Inter-level travel time spent in this place.
 D = Time resting spent in this place.
 E = Time spent auto-exploring this place.
 F = Levels seen in this place.
 G = Mean time per level.
                   A        B        C        D        E       F      G
               +--------+--------+--------+--------+--------+-----+--------+
         Total |   1059 |   1059 |      0 |    659 |     51 |   1 | 1059.0 |
       Dungeon |   1059 |   1059 |      0 |    659 |     51 |   1 | 1059.0 |
               +--------+--------+--------+--------+--------+-----+--------+

Top non-repeatable levels by time:
     D:1: 1059 daAuts
